 Dungeon Crawl Stone Soup version 0.28.0-53-g5a82cb258f (webtiles) character file.

Game seed: 15686996981971885348

98 Druoop the Skirmisher (level 4, 0/40 HPs)
             Began as a Draconian Berserker on June 28, 2022.
             Was a Believer of Trog.
             Slain by an orc wizard
             ... wielding a +0 dagger
              (3 damage)
             ... on level 4 of the Dungeon.
             The game lasted 00:12:23 (3307 turns).

Druoop the Skirmisher (Draconian Berserker)         Turns: 3307, Time: 00:12:24

Health: 0/40       AC:  6    Str: 21    XL:     4   Next: 43%
Magic:  4/4        EV: 12    Int:  7    God:    Trog [**....]
Gold:   127        SH:  0    Dex: 11    Spells: 3/3 levels left

rFire   . . .      SeeInvis .   a - +0 hand axe
rCold   . . .      Faith    .   (no shield)
rNeg    . . .      Spirit   .   (armour unavailable)
rPois   .          Reflect  .   (helmet restricted)
rElec   .          Harm     .   (no cloak)
rCorr   .          Rampage  .   g - +0 pair of gloves
Will    .....                   (no boots)
Stlth   +.........              (no amulet)
HPRegen 0.13/turn               (no ring)
MPRegen 0.09/turn               (no ring)

@: no status effects
A: AC +5, unfitting armour, cold-blooded
a: Renounce Religion, Berserk, Trog's Hand


You were on level 4 of the Dungeon.
You worshipped Trog.
Trog was pleased with you.
You visited 1 branch of the dungeon, and saw 4 of its levels.

You collected 127 gold pieces.

Inventory:

Hand Weapons
 a - a +0 hand axe (weapon)
 j - a +0 dagger
 k - a +0 club
 l - a +0 whip
Missiles
 v - 21 stones (quivered)
Armour
 g - a +0 pair of gloves (worn)
 i - the +0 ring mail "Joedes" {rC+ Stlth+}
   (You found it on level 2 of the Dungeon)

   rC:        It protects you from cold.
   Stlth:     It makes you more stealthy.
 n - a +0 robe
 p - a +0 chain mail
Magical Staves
 f - a staff of air
 t - a staff of earth
Scrolls
 d - 2 scrolls of identify {unknown}
 e - a scroll of blinking {unknown}
 r - a scroll of magic mapping {unknown}
 s - a scroll of teleportation {unknown}
Potions
 b - 2 potions of brilliance {unknown}
 c - a potion of haste {unknown}
 h - 2 potions of degeneration {unknown}
 m - 2 potions of curing {unknown}
 o - a potion of might {unknown}
 q - 2 potions of heal wounds {unknown}
 u - 2 potions of attraction {unknown}


   Skills:
 + Level 4.2 Fighting
 + Level 3.9 Axes
 + Level 3.5 Dodging


You had 3 spell levels left.
You didn't know any spells.
Your spell library was empty.

Dungeon Overview and Level Annotations

Branches:
Dungeon (4/15)
 Temple: D:4-7

Altars:


Innate Abilities, Weirdness & Mutations

Your plain brown scales are hard. (AC +5)
You cannot fit into any form of body armour.
You are cold-blooded and may be slowed by cold attacks.


Message History

You feel less confused.
The orc wizard hits you but does no damage.
You closely miss the orc wizard.
Your tail-slap misses the orc wizard.
The orc wizard is moderately wounded.
The orc wizard points at you and mumbles some strange words.
The puff of flame hits you!
You hit the orc wizard but do no damage.
The orc wizard is moderately wounded.
The orc wizard closely misses you.
You hit the orc wizard. Your punch misses the orc wizard.
The orc wizard is heavily wounded.
The orc wizard hits you but does no damage.
You closely miss the orc wizard.
The orc wizard is heavily wounded.
The orc wizard casts a spell at you. You resist with some effort.
You completely miss the orc wizard.
The orc wizard is heavily wounded.
The orc wizard casts a spell at you. You resist with some effort.
The orc wizard gestures wildly while chanting.
The orc wizard flickers and vanishes!
Deactivating autopickup; reactivate with Ctrl-A.
There is a strange disturbance nearby!
You closely miss something. Something hits you.
You miss something. Your punch misses something. Something hits you.
You closely miss something. Something hits you.
You barely miss something. Something hits you.
You hit something. You tail-slap something.
You hear some strange, mumbled words.
A puff of flame appears from out of thin air!
The puff of flame hits you!
* * * LOW HITPOINT WARNING * * *
You closely miss something. Something hits you but does no damage.
You closely miss something. Something hits you.
* * * LOW HITPOINT WARNING * * *
Something hits you.
* * * LOW HITPOINT WARNING * * *
You miss something. Something hits you.
You die...

##############################
....................#.........
.....<..............#.........
.>....).............'.........
............{@.##..##.........
.....?)........##..#########..
......##.>.##......##.....##..
......##...##.......#........[
..... #.............#.........
..... #............##.....##..
.... #............##.....####
.... #........##..##.....##..
#........# ####.........


There were no monsters in sight!

Vanquished Creatures
  2 adders
  2 worms (D:2)
  3 dart slugs (D:2)
  3 orcs
  13 ball pythons
  2 endoplasms
  2 giant cockroaches (D:1)
  7 goblins
  6 hobgoblins
  6 bats
  2 frilled lizards (D:1)
  7 kobolds
  10 rats
65 creatures vanquished.

Notes
Turn   | Place    | Note
-------+----------+-------------------------------------------
     0 | D:1      | Druoop the Draconian Berserker began the quest for the Orb.
     0 | D:1      | Reached XP level 1. HP: 19/19 MP: 1/1
   441 | D:1      | Reached XP level 2. HP: 26/26 MP: 2/2
  1180 | D:2      | Identified the +0 ring mail "Joedes" {rC+ Stlth+}
  1232 | D:2      | Reached XP level 3. HP: 31/33 MP: 3/3
  1501 | D:2      | Reached ** piety under Trog
  1568 | D:2      | Reached skill level 4 in Fighting
  1803 | D:2      | Reached XP level 4. HP: 40/40 MP: 4/4
  3307 | D:4      | Slain by an orc wizard

Illustrated notes

Levels and vault maps discovered:
D:1:      wander_arrival_estate, layout_loops_ring,
          hangedman_decor_clover_reticule, kennysheep_small_spiral
D:2:      minmay_evil_eye, layout_basic, fountainhead
D:3:      layout_basic, minmay_misc_feat_alley, minmay_goblin_kobold_house
D:4:      layout_gridville, jmf_multi_god_temple2

Skill      XL: |  1  2  3 |
---------------+----------+-----
Dodging        | 3 |  3.5
Fighting       | 4 |  4.2
Axes           | |  3.9

Action                   |  1- 3 |  4- 6 || total
-------------------------+-------+-------++-------
Melee: Hand axe          |   110 |    58 ||   168
       Tailslap          |    13 |     5 ||    18
       Punch             |     2 |       ||     2
Armor: Skin              |    40 |    22 ||    62
Dodge: Dodged            |    83 |    42 ||   125
